 Dungeon Crawl Stone Soup version 0.20.0-10-g0535bb4 (webtiles) character file.

490 Manul the Cutter (level 7, -9/72 HPs)
             Began as an Octopode Abyssal Knight on June 5, 2017.
             Was a Priest of Lugonu.
             Mangled by Duvessa
             ... wielding a +1 rapier of electrocution
              (10 damage)
             ... on level 5 of the Dungeon.
             The game lasted 00:05:26 (4588 turns).

Manul the Cutter (Octopode Abyssal Knight)          Turns: 4588, Time: 00:05:26

Health: -9/72      AC: 23    Str: 11    XL:     7   Next: 14%
Magic:  0/8        EV:  2    Int: 20    God:    Lugonu [***...]
Gold:   228        SH: 14    Dex: 18    Spells: 6/6 levels left

rFire    . . .     SeeInvis .   a - +2 short sword
rCold    . . .     Gourm    .   e - +2 large shield
rNeg     + + +     Faith    .   (helmet currently unavailable)
rPois    +         Spirit   +   n - amulet of guardian spirit
rElec    .         Reflect  .   (no ring)
rCorr    .         Harm     .   (no ring)
MR       .....     NoTele   +   (no ring)
Stlth    ++++......             (no ring)
Regen    0.3/turn               (no ring)
MPRegen  0.2/turn               (no ring)
                                (no ring)
                                (no ring)

@: brilliant, agile, tree-form
A: almost no armour, stealthy swim, (amphibious), 8 rings, (constrict 8)
a: Depart the Abyss, Bend Space, Banish, Renounce Religion


You were on level 5 of the Dungeon.
You worshipped Lugonu.
Lugonu was most pleased with you.
You were hungry.
You were a tree.
You visited 1 branch of the dungeon, and saw 5 of its levels.
You visited the Abyss 1 time.

You collected 228 gold pieces.

Inventory:

Hand Weapons
 a - a +2 short sword (weapon)
Missiles
 f - 4 needles of sleeping
Armour
 e - a +2 large shield (worn)
Jewellery
 n - an amulet of guardian spirit (around neck)
Scrolls
 c - a scroll of identify
 d - a scroll of enchant weapon
 g - 3 scrolls of amnesia
 h - a scroll of teleportation
 i - a scroll of remove curse
 k - 3 scrolls of magic mapping {unknown}
Comestibles
 b - 2 bread rations
 j - 2 royal jellies
 l - 7 fruits
 q - 4 meat rations


   Skills:
 + Level 4.1 Fighting
 + Level 4.3 Short Blades
 + Level 3.4 Dodging
 + Level 4.2 Stealth
 + Level 3.2 Shields
 + Level 2.0 Invocations


You had 6 spell levels left.
You didn't know any spells.

Dungeon Overview and Level Annotations

Branches:
Dungeon (5/15)             Temple (0/1) D:4

Altars:
Cheibriados
Dithmenos
Elyvilon
Fedhas
Kikubaaqudgha
Qazlal
Sif Muna
Uskayaw
Vehumet
Xom
Yredelemnul

Annotations:
D:5 Dowan, Duvessa


Innate Abilities, Weirdness & Mutations

You cannot wear most types of armour.
You are very stealthy in the water. (Stealth+)
((You are amphibious.))
You can wear up to eight rings at the same time.
((You can use your tentacles to constrict eight enemies at once.))
((Your skin changes colour to match your surroundings (Stealth+).))
((Your rubbery body absorbs attacks. (AC +1, EV +1)))


Message History

You aren't carrying any items that you can evoke.
As you read the scroll labeled LOK VARAANAERPH, it crumbles to dust.
It is a scroll of recharging.
You aren't carrying any rechargeable items.
You block the sky beast's attack.
Dowan mumbles some strange words.
Dowan blinks!
Duvessa barely misses you.
As you read the scroll labeled ZAMUAZXAHO, it crumbles to dust.
The creatures around you are filled with an inner flame!
It was a scroll of immolation.
You block the sky beast's attack. Duvessa hits you but does no damage.
As you read the scroll labeled FINUOCHUIMP, it crumbles to dust.
You feel a strange sense of stasis.
It was a scroll of teleportation.
Duvessa hits you with a rapier of electrocution.
* * * LOW HITPOINT WARNING * * *
The sky beast flickers out of sight!
Deactivating autopickup; reactivate with Ctrl-A.
You block something's attack. Duvessa hits you but does no damage.
You are electrocuted!
You die...

#. #.## #.#... )##
.. .... .Y# .
.####.####.# #.#
.##.....##.#
#...####.#...e...#.#
###......#....♣{.#.#
#...........e_.....#
#<.#.......#.#
#(.#.......#.#
#..##.....##.#
##..####.####.#
#.............#
#.####..####.#..####
#.......# #...##


You could see Duvessa (inner flame) and Dowan (inner flame).

Vanquished Creatures
  2 scorpions (D:4)
  A crimson imp (D:5)
  An orc priest (D:4)
  2 hounds (D:4)
  2 orc wizards (D:4)
  An iguana (D:4)
  A worker ant (D:4)
  Robin (D:4)
  3 adders
  An ooze (D:2)
  3 adder skeletons (D:4)
  2 worms
  4 dart slugs
  3 leopard geckos
  9 orcs
  9 bats
  2 giant cockroaches
  12 goblins
  6 hobgoblins
  7 jackals
  10 kobolds
  2 quokkas
  4 frilled lizards
  7 rats
95 creatures vanquished.

Notes
Turn   | Place    | Note
-------+----------+-------------------------------------------
     0 | Abyss:1  | Manul the Octopode Abyssal Knight began the quest for the Orb.
     0 | Abyss:1  | Reached XP level 1. HP: 16/16 MP: 2/2
     5 | Abyss:1  | Found a corrupted altar of Lugonu.
    42 | Abyss:2  | Noticed a raiju
    48 | Abyss:2  | Noticed a raiju
    51 | Abyss:2  | Noticed a raiju
    74 | Abyss:2  | Noticed a large abomination
    74 | Abyss:2  | Noticed a starcursed mass
    75 | Abyss:2  | Noticed a blizzard demon
    80 | D:1      | Escaped the Abyss
   408 | D:1      | Reached XP level 2. HP: 12/21 MP: 3/3
   802 | D:1      | Reached * piety under Lugonu
  1370 | D:2      | Reached skill level 1 in Stealth
  1370 | D:2      | Reached XP level 3. HP: 26/26 MP: 4/4
  1746 | D:2      | Found an ancient bone altar of Kikubaaqudgha.
  1768 | D:2      | Reached skill level 1 in Shields
  1963 | D:2      | Reached XP level 4. HP: 31/33 MP: 5/5
  2248 | D:2      | Found a basalt altar of Yredelemnul.
  2250 | D:2      | Found a white marble altar of Elyvilon.
  2252 | D:2      | Found a radiant altar of Vehumet.
  2558 | D:3      | Reached ** piety under Lugonu
  2875 | D:3      | Found a snail-covered altar of Cheibriados.
  2875 | D:3      | Found a shimmering altar of Xom.
  2880 | D:3      | Found a stormy altar of Qazlal.
  2882 | D:3      | Found a blossoming altar of Fedhas.
  2883 | D:3      | Found a deep blue altar of Sif Muna.
  2957 | D:3      | Found a faded altar of an unknown god.
  3117 | D:3      | Found a shadowy altar of Dithmenos.
  3205 | D:4      | Noticed Robin
  3216 | D:4      | Reached XP level 5. HP: 13/37 MP: 2/6
  3485 | D:4      | Killed Robin
  3630 | D:4      | Reached XP level 6. HP: 25/43 MP: 4/7
  4167 | D:4      | Found a staircase to the Ecumenical Temple.
  4275 | D:4      | Reached *** piety under Lugonu
  4528 | D:4      | Reached XP level 7. HP: 45/48 MP: 6/8
  4534 | D:5      | Entered Level 5 of the Dungeon
  4534 | D:5      | Found a hide-covered altar of Uskayaw.
  4534 | D:5      | Noticed Duvessa
  4535 | D:5      | Noticed Dowan
  4588 | D:5      | HP: 1/72 [Duvessa/rapier of electrocution (3)]
  4588 | D:5      | Mangled by Duvessa

Skill      XL: |  1  2  3  4  5  6 |
---------------+-------------------+-----
Stealth        | 1 3 4 |  4.2
Shields        | 1 2 3 |  3.2
Short Blades   | 3 4 |  4.3
Dodging        | 3 |  3.4
Fighting       | 4 |  4.1
Invocations    | |  2.0

Action                   |  1- 3 |  4- 6 |  7- 9 || total
-------------------------+-------+-------+-------++-------
Melee: Short sword       |    80 |   152 |     7 ||   239
       Constrict         |    16 |    39 |     1 ||    56
       Tentacles         |    11 |    28 |     1 ||    40
Invok: Depart the Abyss  |     1 |       |       ||     1
  Use: Scroll            |     1 |     2 |     5 ||     8
       Potion            |       |     2 |     4 ||     6
 Stab: Sleeping          |    10 |    14 |     2 ||    26
  Eat: Chunk             |     3 |     8 |       ||    11
Armor: Skin              |     7 |    20 |    10 ||    37
Dodge: Dodged            |    17 |    34 |     2 ||    53
Block: Large shield      |    51 |   101 |    12 ||   164
